Map: Lockdown LE

Players

RipNHammer

  • Race: Terran Terran
  • League: Master
  • Spawn Location: 7:00

Applehero - Winner!

  • Race: Protoss Protoss
  • League: Master
  • Spawn Location: 1:00

VOD

Have the link to the VOD?

Description

Time

  • Played on: Sept. 5, 2026, 1:19 p.m.
  • Length: 13:13
Show
View Real Time Build Order
Export as new Build Order

RipNHammer Terran 

Build Orders: Reaper Expand 

Get SALT Encoding   

  8  0:00  SCV  
  9  0:12  SCV  
  10  0:24  SCV  
  11  0:37  SCV  
  11  0:39  Supply Depot  
  12  0:49  SCV  
  13  1:01  SCV  
  13  1:02  Barracks  
  14  1:07  Refinery  
  14  1:13  SCV  
  15  1:25  SCV  
  16  1:37  SCV  
  17  1:54  Orbital Command  
  17  2:00  Reaper  
  18  2:08  Command Center  
  18  2:21  SCV  
  19  2:33  SCV  
  20  2:42  Barracks Reactor, Barracks  
  20  2:44  Barracks  
  20  2:49  Supply Depot  
  20  2:52  SCV  
  21  3:11  SCV  
  22  3:19  Marine x2  
  24  3:31  Barracks Tech Lab  
  24  3:32  Barracks Tech Lab, SCV  
  25  3:35  Orbital Command  
  25  3:43  Marine x2  
  27  3:49  SCV, Marine  
  27  3:52  Marine, Combat Shield  
  27  3:53  Stimpack  
  30  4:01  Marine  
  29  4:03  SCV, Marine  
  29  4:07  Marine  
  32  4:10  Marine  
  32  4:15  SCV  
  34  4:17  SCV  
  34  4:19  Marine  
  34  4:21  Marine  
  36  4:25  Marauder  
  36  4:27  Supply Depot, Marine  
  39  4:34  SCV x2  
  41  4:40  Supply Depot  
  41  4:46  SCV  
  41  4:48  SCV  
  41  4:52  Supply Depot  
  43  4:56  Marine  
  43  4:57  Marauder  
  43  4:58  SCV  
  47  5:01  SCV  
  47  5:02  Marauder  
  50  5:08  Marine  
  50  5:10  SCV  
  50  5:11  Concussive Shells  
  50  5:13  SCV  
  53  5:16  Supply Depot  
  53  5:20  Engineering Bay  
  53  5:21  Marauder, Marine  
  55  5:26  SCV x2  
  58  5:39  Marine  
  58  5:40  Marauder  
  60  5:49  Marine, Marauder  
  61  5:57  Marine  
  61  6:01  Marauder  
  64  6:06  Marine  
  64  6:10  Marine  
  64  6:11  SCV x2  
  66  6:15  Marine  
  65  6:23  Marauder  
  65  6:24  Marine  
  50  6:49  Marine x2  
  50  6:50  Marauder x2  
  49  7:04  SCV x2  
  49  7:07  Marine  
  43  7:11  Marauder, Terran Infantry Weapons Level 1  
  43  7:12  Bunker  
  43  7:15  Factory, Command Center  
  45  7:16  SCV x2, Refinery  
  45  7:19  Marauder, Marine  
  50  7:24  Refinery  
  50  7:26  Refinery  
  50  7:28  SCV x2  
  52  7:31  Marine  
  52  7:33  Marauder  
  55  7:37  Marine  
  55  7:40  SCV x2  
  55  7:41  Marauder  
  60  7:49  Marine  
  61  7:52  SCV x2  
  61  7:53  Barracks  
  61  7:54  Marauder  
  65  8:00  Factory Reactor  
  65  8:04  SCV x2, Starport  
  65  8:05  Marine x2  
  69  8:06  Marine  
  70  8:15  Marauder  
  70  8:16  SCV  
  70  8:17  SCV  
  71  8:23  Marine x2  
  71  8:24  Marine  
  70  8:28  Orbital Command, SCV  
  70  8:29  SCV  
  72  8:35  Supply Depot  
  72  8:36  Engineering Bay  
  72  8:37  Armory  
  72  8:40  Marine  
  72  8:41  SCV x2  
  77  8:45  Barracks  
  77  8:46  Marine, Marauder  
  78  8:51  Supply Depot  
  78  8:53  SCV x2  
  78  8:54  SCV  
  82  8:55  Siege Tank  
  82  9:02  Barracks Tech Lab  
  84  9:05  SCV x2  
  84  9:06  Medivac x2, SCV, Barracks Reactor  
  84  9:08  Marauder  
  93  9:10  Supply Depot  
  93  9:11  Terran Infantry Armor Level 1  
  93  9:12  Supply Depot  
  93  9:16  Missile Turret  
  93  9:17  SCV  
  93  9:18  Marine x2  
  93  9:23  SCV x2  
  98  9:25  Marine, Supply Depot  
  98  9:29  Marauder  
  98  9:30  Ghost Academy  
  101  9:36  Siege Tank  
  101  9:37  Viking  
  106  9:43  SCV x2  
  106  9:44  Marauder  
  106  9:45  Starport, Marine  
  110  9:49  SCV  
  110  9:50  Marine  
  110  9:51  Marauder  
  110  9:52  Barracks Reactor  
  115  9:55  Viking  
  117  10:12  Medivac  
  119  10:16  SCV, Marine  
  119  10:17  Marauder  
  119  10:20  Supply Depot  
  123  10:21  Supply Depot  
  123  10:25  Viking  
  125  10:30  Starport Reactor  
  125  10:31  SCV  
  125  10:33  Terran Infantry Weapons Level 2, Supply Depot  
  125  10:34  SCV  
  127  10:41  Ghost, Marine  
  127  10:42  Marauder  
  132  10:44  Supply Depot  
  122  11:00  Medivac, Viking  
  116  11:05  SCV, Orbital Command  
  117  11:14  Medivac  
  117  11:17  SCV x2  
  121  11:26  Marine x2, Marauder  
  121  11:27  Viking  
  121  11:29  SCV x2  
  121  11:31  Refinery, SCV  
  130  11:33  Refinery  
  130  11:34  Missile Turret  
  130  11:36  Supply Depot x2  
  130  11:37  Viking  
  132  11:41  SCV x2  
  132  11:42  Widow Mine  
  132  11:44  Barracks  
  132  11:45  Drilling Claws  
  132  11:46  SCV  
  137  11:48  Marine x2  
  137  11:49  Marauder, Marine x3  
  137  11:53  SCV  
  145  11:54  Sensor Tower  
  141  12:03  Widow Mine  
  134  12:11  Marine x3, Marauder  
  134  12:12  Marauder  
  134  12:15  Marine  
  120  12:31  Marine  
  120  12:33  Marauder x2  
  120  12:38  Marine x2  
  120  12:41  SCV x2  
  120  12:42  Viking x3  
Show
View Real Time Build Order
Export as new Build Order

Applehero Protoss - Winner!

Build Orders: Blink Stalkers 

Get SALT Encoding   

  8  0:00  Probe (Chrono Boost)  
  9  0:12  Probe (Chrono Boost)  
  10  0:17  Probe (Chrono Boost)  
  11  0:27  Probe  
  12  0:32  Pylon  
  12  0:39  Probe  
  13  0:51  Probe  
  13  0:55  Gateway  
  14  1:03  Probe (Chrono Boost)  
  15  1:07  Assimilator  
  15  1:13  Probe (Chrono Boost)  
  15  1:18  Probe (Chrono Boost)  
  17  1:29  Probe  
  18  1:41  Probe  
  19  1:47  Cybernetics Core  
  19  2:02  Nexus  
  19  2:06  Probe  
  20  2:14  Pylon  
  20  2:23  Probe  
  20  2:24  Assimilator  
  20  2:29  Adept (Chrono Boost)  
  21  2:35  Probe  
  24  2:39  Warp Gate  
  24  2:47  Probe  
  25  2:53  Twilight Council  
  25  2:59  Twilight Council  
  25  3:01  Probe  
  26  3:07  Stalker (Chrono Boost)  
  28  3:14  Probe  
  28  3:15  Probe  
  30  3:27  Probe x2  
  32  3:39  Probe x2  
  34  3:43  Blink (Chrono Boost)  
  34  3:59  Probe x2  
  35  4:16  Probe x2  
  36  4:20  Nexus  
  36  4:23  Pylon  
  36  4:31  Robotics Facility, Probe x2  
  36  4:33  Stalker  
  40  4:40  Assimilator  
  40  4:43  Probe x2  
  42  4:48  Pylon  
  42  4:51  Stalker  
  42  4:55  Probe x2  
  44  5:06  Shield Battery  
  44  5:07  Pylon  
  44  5:08  Probe x2  
  44  5:09  Stalker  
  48  5:18  Robotics Bay  
  48  5:20  Probe x2  
  50  5:22  Stalker  
  50  5:25  Pylon  
  50  5:28  Shield Battery  
  52  5:34  Probe  
  53  5:39  Stalker  
  55  5:43  Probe x2  
  55  5:46  Assimilator, Probe  
  58  5:55  Probe x2  
  60  5:58  Probe  
  61  6:09  Stalker  
  69  6:13  Colossus (Chrono Boost)  
  69  6:24  Probe x2  
  69  6:25  Pylon  
  43  6:48  Probe x2  
  43  6:50  Stalker  
  45  7:05  Probe x2  
  45  7:08  Probe  
  48  7:10  Extended Thermal Lance  
  48  7:12  Forge  
  48  7:16  Gateway  
  48  7:17  Probe x2 (Chrono Boost), Colossus  
  48  7:18  Gateway  
  48  7:20  Probe (Chrono Boost)  
  48  7:21  Stalker  
  59  7:29  Probe x2 (Chrono Boost)  
  61  7:32  Probe (Chrono Boost)  
  61  7:35  Stalker  
  61  7:36  Probe x2 (Chrono Boost), Charge  
  66  7:37  Probe (Chrono Boost)  
  66  7:38  Pylon  
  66  7:43  Probe (Chrono Boost)  
  66  7:44  Probe (Chrono Boost)  
  68  7:46  Probe (Chrono Boost)  
  68  7:48  Protoss Ground Weapons Level 1  
  70  7:54  Pylon  
  70  7:56  Probe (Chrono Boost)  
  73  7:58  Probe x2 (Chrono Boost)  
  73  8:01  Probe (Chrono Boost)  
  73  8:03  Probe x2 (Chrono Boost)  
  76  8:09  Pylon  
  76  8:10  Stalker  
  76  8:12  Stalker x2  
  77  8:20  Gateway  
  77  8:23  Probe x3 (Chrono Boost)  
  79  8:28  Stalker x3  
  79  8:32  Pylon  
  88  8:34  Probe x3 (Chrono Boost)  
  88  8:40  Probe x2  
  88  8:41  Probe  
  88  8:47  Nexus  
  91  8:52  Probe x2  
  91  8:53  Probe  
  94  8:56  Observer, Pylon  
  95  9:04  Probe  
  95  9:05  Probe x2  
  95  9:06  Zealot x2  
  102  9:14  Zealot, Warp Prism (Chrono Boost)  
  102  9:16  Probe  
  107  9:26  Stalker x2  
  107  9:27  Gateway  
  107  9:29  Gateway  
  111  9:34  Templar Archives  
  111  9:36  Assimilator  
  111  9:47  Pylon  
  111  9:52  Pylon  
  111  9:53  Protoss Ground Weapons Level 2  
  111  9:54  Pylon  
  111  9:59  Stalker x4, Psionic Storm  
  119  10:09  Pylon  
  119  10:11  Pylon  
  119  10:14  Zealot  
  119  10:15  High Templar x2, Zealot  
  119  10:16  Zealot x2  
  119  10:17  Probe x2  
  133  10:22  Assimilator  
  133  10:28  Zealot  
  135  10:29  Zealot x2, High Templar  
  135  10:32  Probe (Chrono Boost)  
  135  10:33  Probe x3 (Chrono Boost)  
  135  10:35  Zealot x2  
  149  10:41  Zealot  
  151  10:45  Probe x3 (Chrono Boost)  
  151  10:46  Probe (Chrono Boost)  
  151  10:57  Probe x3  
  151  11:03  High Templar  
  156  11:07  Pylon  
  156  11:10  Pylon  
  156  11:11  Pylon  
  156  11:13  Pylon, Assimilator  
  156  11:18  Assimilator  
  156  11:22  Colossus (Chrono Boost)  
  164  11:25  Zealot  
  164  11:27  Pylon, High Templar x2  
  164  11:28  Zealot x2  
  164  11:29  High Templar  
  164  11:30  Pylon  
  174  11:33  Pylon  
  174  11:35  Gateway  
  174  11:38  Gateway  
  174  11:45  Zealot  
  174  11:46  Zealot x2  
  180  11:47  Zealot  
  180  11:50  Robotics Facility  
  167  12:04  Probe x2  
  167  12:05  Probe, Zealot x2, Stalker x2  
  167  12:06  Stalker x2  
  170  12:19  Stalker x2  
  180  12:24  Colossus (Chrono Boost)  
  180  12:25  Probe x2  
  172  12:38  Stalker, High Templar x2  
  172  12:43  Stalker  
  180  12:45  Gateway  
  180  12:48  Gateway  
  180  12:50  Stalker x2  
  180  12:51  Stalker x2  
  176  12:52  Stalker  
  176  12:57  Stalker  
  166  12:58  Stalker  
Tags
 
Composition
Blink Stalkers
Matchup
PvT
Replay Pack
RipNHammer
Spawn Locations
Cross Positions
Add a new tag
Caveats
  • Supply blocks, unpowered buildings, or Contaminate may cause inaccurate times.
  • Supply counts are checked every 10 seconds.